 Dungeon Crawl Stone Soup version 0.25-a0-388-g41a7e554cb (webtiles) character file.

Game seed: 6380929352314643861, levelgen mode: deterministic

7173 Borgoz the Basher (level 11, -4/69 HPs)
             Began as a Gargoyle Gladiator on Jan 7, 2020.
             Was an Elder of Okawaru.
             Slain by a +0 war axe of chaos (8 damage)
             ... on level 9 of the Dungeon.
             The game lasted 00:14:13 (9853 turns).

Borgoz the Basher (Gargoyle Gladiator)              Turns: 9853, Time: 00:14:14

Health: -4/69      AC: 14    Str: 21    XL:     11   Next: 11%
Magic:  0/13       EV: 21    Int:  8    God:    Okawaru [****..]
Gold:   504        SH:  0    Dex: 17    Spells: 10/10 levels left

rFire    . . .     SeeInvis .   x - +6 great mace
rCold    . . .     Gourm    .   (shield currently unavailable)
rNeg     + . .     Faith    .   r - +0 troll leather armour
rPois    ∞         Spirit   +   c - +0 helmet
rElec    +         Reflect  .   (no cloak)
rCorr    .         Harm     .   (no gloves)
MR       .....                  (no boots)
Stlth    ++........             q - amulet of guardian spirit
HPRegen  0.61/turn              (no ring)
MPRegen  0.13/turn              (no ring)

@: agile, hasted, very quick
A: negative energy resistance 1, electricity resistance, unbreathing,
petrification resistance, rot immunity, AC +8
a: Heroism, Renounce Religion


You were on level 9 of the Dungeon.
You worshipped Okawaru.
Okawaru was greatly pleased with you.
You were not hungry.

You visited 2 branches of the dungeon, and saw 11 of its levels.
You also visited: Ossuary.

You collected 504 gold pieces.

Inventory:

Hand Weapons
 x - a +6 great mace (weapon)
Missiles
 d - 2 throwing nets (quivered)
Armour
 c - a +0 helmet (worn)
 r - a +0 troll leather armour (worn)
Jewellery
 b - an uncursed amulet of the gourmand
 q - an amulet of guardian spirit (around neck)
Wands
 s - a wand of digging (3)
 t - a wand of acid (5)
Scrolls
 a - a scroll of identify
 e - a scroll of blinking
 i - 2 scrolls of immolation {unknown}
 k - 5 scrolls of remove curse
 l - 2 scrolls of magic mapping
 m - 2 scrolls of enchant armour {unknown}
 n - 2 scrolls of enchant weapon
 o - 8 scrolls of teleportation
 u - 5 scrolls of fog {unknown}
 y - a scroll of fear {unknown}
 D - a scroll of noise {unknown}
Potions
 g - 2 potions of haste
 h - 4 potions of heal wounds
 j - a potion of ambrosia
 p - 3 potions of resistance
 w - 4 potions of mutation
 z - 5 potions of curing
 B - a potion of flight
 E - 2 potions of cancellation
Comestibles
 f - 21 rations
 v - 6 chunks of flesh


   Skills:
 + Level 8.3 Fighting
 * Level 10.9 Maces & Flails
 - Level 1.7 Throwing
 + Level 8.0 Armour
 + Level 6.7 Dodging
 + Level 2.8 Invocations


You had 10 spell levels left.
You didn't know any spells.
Your spell library contained the following spells:

 Spells                   Type           Power        Failure   Level  Hunger
 Confusing Touch          Hex            #.....       43%         1    ##.....
 Freeze                   Ice            #...         43%         1    ##.....
 Magic Dart               Conj           #...         43%         1    ##.....
 Blink                    Tloc           N/A          58%         2    ###....
 Call Imp                 Summ           #.......     58%         2    ###....
 Slow                     Hex            #.......     58%         2    ###....
 Confuse                  Hex            #.......     82%         3    ####...
 Conjure Flame            Conj/Fire      #.......     82%         3    ####...
 Gell's Gravitas          Tloc           #.........   82%         3    ####...
 Mephitic Cloud           Conj/Pois/Air  #.......     82%         3    ####...
 Ozocubu's Armour         Chrm/Ice       #.......     82%         3    ####...
 Hailstorm                Conj/Ice       #.......     99%         4    #####..
 Petrify                  Tmut/Erth      #.......     99%         4    #####..
 Summon Ice Beast         Ice/Summ       #.......     99%         4    #####..
 Metabolic Englaciation   Hex/Ice        #.........   100%        5    ######.
 Yara's Violent Unravell  Hex/Tmut       #.........   100%        5    ######.


Dungeon Overview and Level Annotations

Branches:
Dungeon (10/15)            Temple (1/1) D:7            Lair (0/6) D:8
Ossuary (visited)
    Orc: D:9-12

Altars:
Ashenzari
Cheibriados
Dithmenos
Elyvilon
Fedhas
Gozag
Hepliaklqana
Kikubaaqudgha
Makhleb
Nemelex Xobeh
Okawaru
Qazlal
Ru
Sif Muna
Trog
Uskayaw
Vehumet
Wu Jian
Xom
Yredelemnul
Zin
The Shining One

Shops:
D:6 [

Annotations:
D:9 Gruesome's ghost, novice DrTm
D:10 Psyche


Innate Abilities, Weirdness & Mutations

You are resistant to torment.
Your stone body is resilient. (AC +8)
You are immune to poison.
You resist negative energy. (rN+)
You are resistant to electric shocks. (rElec)
You can survive without breathing.
You are immune to petrification.
You are immune to rotting.


Message History

24 bolts.
A shimmering altar of Xom.
You feel yourself speed up. As you open the door, it creaks loudly!
You barely miss the +0 war axe of chaos.
The +0 war axe of chaos hits you!! The +0 war axe of chaos burns you!
You hit the +0 war axe of chaos but do no damage.
The +0 war axe of chaos hits you but does no damage.
You closely miss the +0 war axe of chaos.
The +0 war axe of chaos hits you but does no damage.
You miss the +0 war axe of chaos. The +0 war axe of chaos hits you!!
Space bends around you.
You miss the +0 war axe of chaos. The +0 war axe of chaos hits you!
* * * LOW HITPOINT WARNING * * *
You feel agile all of a sudden.
You barely miss the +0 war axe of chaos.
The +0 war axe of chaos hits you!
* * * LOW HITPOINT WARNING * * *
The +0 war axe of chaos freezes you!
You die...

..##### .## .##
###### ..# #.##.##
(.# ##.....###
.####### ##...##...#
.......###...###...#
........#..........#
................@..#
..............##(###
.............##.W$#
.............###.##
.............# ###
...........###
##......#...#
......####..#
#....###....#


You could see a +0 war axe of chaos and Gruesome's ghost.

Vanquished Creatures
  2 two-headed ogres
  The ghost of olaf the Caller, a novice BaSu of Makhleb (D:5)
  A centaur skeleton (D:9)
  A troll (D:9)
  A hippogriff (D:8)
  A wraith (Ossuary)
  Sigmund (D:3)
  6 yaks
  A hungry ghost (D:8)
  A water moccasin (D:9)
  3 porcupines
  An ice beast (D:9)
  2 phantoms
  A sky beast (D:8)
  A necrophage (D:8)
  4 ogres
  3 centaurs
  2 crocodiles
  2 bullfrogs
  Blork the orc (D:6)
  A water moccasin zombie (D:7)
  2 scorpions
  5 killer bees (D:9)
  3 howler monkeys (D:5)
  3 crimson imps
  A bullfrog zombie (D:5)
  2 hounds
  3 jellies (D:9)
  A bullfrog skeleton (D:4)
  Terence (D:3)
  7 iguanas
  3 orc wizards
  12 worker ants
  A hound skeleton (D:7)
  A hound zombie (D:8)
  A mummy (Ossuary)
  2 howler monkey skeletons
  12 gnolls
  14 adders
  A shadow imp (D:5)
  7 oozes
  An adder zombie (D:8)
  2 adder skeletons
  A worm (D:5)
  2 dart slugs
  2 leopard geckos
  16 orcs
  5 bats
  6 giant cockroaches
  7 hobgoblins
  6 jackals
  8 kobolds
  2 quokkas
  4 ball pythons
  5 frilled lizards
  4 gnoll skeletons (Ossuary)
  6 goblins
  A jackal skeleton (D:6)
  5 kobold skeletons (Ossuary)
  A leopard gecko zombie (D:6)
  16 orc skeletons (Ossuary)
  2 quokka skeletons (D:6)
  5 rats
226 creatures vanquished.

Vanquished Creatures (others)
  2 plants (D:8)
2 creatures vanquished.

Grand Total: 228 creatures vanquished

Notes
Turn   | Place    | Note
-------+----------+-------------------------------------------
     0 | D:1      | Borgoz the Gargoyle Gladiator began the quest for the Orb.
     0 | D:1      | Reached XP level 1. HP: 12/12 MP: 1/1
    96 | D:1      | Reached XP level 2. HP: 9/18 MP: 2/2
   617 | D:1      | Reached skill level 1 in Armour
   776 | D:1      | Reached XP level 3. HP: 22/22 MP: 3/3
  1508 | D:2      | Reached XP level 4. HP: 14/27 MP: 0/4
  1839 | D:3      | Noticed Terence
  1848 | D:3      | Killed Terence
  1848 | D:3      | Reached skill level 4 in Maces & Flails
  1938 | D:3      | Reached XP level 5. HP: 32/32 MP: 5/5
  2445 | D:3      | Noticed Sigmund
  2473 | D:3      | Killed Sigmund
  2473 | D:3      | Reached skill level 5 in Maces & Flails
  2473 | D:3      | Reached XP level 6. HP: 24/38 MP: 3/6
  2934 | D:4      | Noticed a phantom
  3010 | D:4      | Killed a phantom
  3010 | D:4      | Reached XP level 7. HP: 23/43 MP: 5/7
  3652 | D:4      | Found a basalt altar of Yredelemnul.
  3835 | D:5      | Entered Level 5 of the Dungeon
  3899 | D:5      | Reached skill level 6 in Maces & Flails
  4075 | D:5      | Reached XP level 8. HP: 45/48 MP: 5/8
  4337 | D:5      | Found a transporter.
  4338 | D:5      | Noticed olaf's ghost (novice BaSu)
  4343 | D:5      | Found a transporter.
  4416 | D:5      | Reached skill level 5 in Fighting
  4578 | D:6      | Found Zoacemaib's Armour Emporium.
  4643 | D:6      | Noticed Blork the orc
  4684 | D:6      | Killed Blork the orc
  5126 | D:6      | Reached skill level 7 in Maces & Flails
  5715 | D:7      | Reached skill level 5 in Armour
  5882 | D:7      | Found a staircase to the Ecumenical Temple.
  5892 | D:7      | Reached XP level 9. HP: 18/55 MP: 2/9
  6190 | Temple   | Entered the Ecumenical Temple
  6265 | Temple   | Became a worshipper of Warmaster Okawaru
  6555 | D:8      | Found a sand-covered staircase.
  6580 | D:8      | Reached skill level 8 in Maces & Flails
  6580 | D:8      | Reached skill level 5 in Dodging
  6596 | Ossuary  | Entered an ossuary
  6936 | D:8      | Found a staircase to the Lair.
  6937 | D:8      | Reached * piety under Okawaru
  7194 | D:7      | Reached skill level 9 in Maces & Flails
  7291 | D:7      | Reached ** piety under Okawaru
  7295 | D:7      | Reached XP level 10. HP: 26/63 MP: 5/10
  7762 | D:8      | Noticed a two-headed ogre
  7781 | D:8      | Killed a two-headed ogre
  8250 | D:8      | Reached *** piety under Okawaru
  8250 | D:8      | Reached skill level 10 in Maces & Flails
  8621 | D:9      | Received a gift from Okawaru
  8856 | D:9      | Reached skill level 1 in Invocations
  9118 | D:9      | Noticed a two-headed ogre
  9136 | D:9      | Killed a two-headed ogre
  9136 | D:9      | Reached **** piety under Okawaru
  9140 | D:9      | Reached XP level 11. HP: 40/68 MP: 7/12
  9260 | D:9      | Found a runed translucent door.
  9262 | D:9      | Found a shimmering altar of Xom.
  9262 | D:9      | Noticed Gruesome's ghost (novice DrTm)
  9263 | D:9      | Noticed a +0 war axe of chaos
  9382 | D:10     | Entered Level 10 of the Dungeon
  9385 | D:10     | Noticed Psyche
  9579 | D:5      | Killed olaf's ghost
  9853 | D:9      | Slain by a +0 war axe of chaos

Levels and vault maps discovered:
D:1:      dpeg_arrival_rhombus, layout_rooms, hangedman_decor_diamond_cutter,
          skrybe_limestone_x, minivault_11
D:2:      layout_rooms, kennysheep_doodads, guppyfry_early_lair_pool
D:3:      layout_basic, first_ration, minmay_bisected, uniq_terence,
          uniq_sigmund
D:4:      layout_basic, kennysheep_mini
D:5:      layout_rooms, gammafunk_ghost_smash, lightli_corner_chamber
D:6:      layout_cave_pools, serial_shops,
          nicolae_shop_temple_entry_statues_fountains, uniq_blork_the_orc
D:7:      layout_cave_pools, minmay_temple_entry_arrows
D:8:      layout_cave_pods, minmay_lair_entry_grove, enter_ossuary_2
D:9:      layout_cave_pools, ebering_ghost_xom, hangedman_little_slice_of_home
D:10:     layout_long_grid, enter_trove_6, kennysheep_generic_room_15,
          uniq_psyche
Temple:   grunt_wide_crystal_templ

Skill      XL: |  1  2  3  4  5  6  7  8  9 10 11 |
---------------+----------------------------------+-----
Armour         | 1 2 3 4 5 6 7 8 |  8.0
Fighting       | 3 4 5 7 8 |  8.3
Maces & Flails | 4 5 6 7 9 10 | 10.9
Dodging        | 3 4 5 6 |  6.7
Invocations    | 2 |  2.8
Throwing       | |  1.7

Action                   |  1- 3 |  4- 6 |  7- 9 | 10-12 || total
-------------------------+-------+-------+-------+-------++-------
Melee: Flail             |   176 |   171 |   583 |   239 ||  1169
       Great mace        |       |       |       |    16 ||    16
       Unarmed           |       |       |       |     1 ||     1
Throw: Throwing net      |       |       |     2 |     3 ||     5
Invok: Heroism           |       |       |       |     1 ||     1
Evoke: Wand              |       |       |       |     1 ||     1
  Use: Scroll            |     4 |       |    17 |     2 ||    23
       Potion            |     1 |     2 |     4 |     1 ||     8
 Stab: Invisible         |       |     1 |       |       ||     1
       Held in net/web   |       |       |       |     2 ||     2
  Eat: Chunk             |     2 |     5 |    16 |     7 ||    30
       Ration            |       |       |       |     1 ||     1
Armor: Leather armour    |    57 |       |       |       ||    57
       Ring mail         |    76 |    76 |   282 |       ||   434
       Scale mail        |       |       |   106 |   155 ||   261
       Troll leather arm |       |       |       |    15 ||    15
       Skin              |       |       |       |     2 ||     2
Dodge: Dodged            |   178 |   116 |   545 |   236 ||  1075

Table legend:
 A = Non-vault XP
 B = Vault XP
 C = Vault XP percentage of total XP
 D = Non-vault monster count
 E = Vault monster count
 F = Vault count percentage of total count
                 A         B        C        D         E       F
            +---------+---------+-------+---------+---------+-------
      Total |    6618 |    3630 |  35.4 |     166 |      60 |  26.5
            +---------+---------+-------+---------+---------+-------
        D:1 |      37 |       0 |   0.0 |      20 |       0 |   0.0
        D:2 |      64 |       0 |   0.0 |      18 |       0 |   0.0
        D:3 |      90 |     266 |  74.7 |      17 |       6 |  26.1
        D:4 |     454 |       0 |   0.0 |      21 |       0 |   0.0
        D:5 |     575 |     920 |  61.5 |      20 |       6 |  23.1
        D:6 |     416 |      87 |  17.3 |      18 |       1 |   5.3
        D:7 |     492 |    1334 |  73.1 |      13 |       8 |  38.1
        D:8 |    1931 |     600 |  23.7 |      17 |       4 |  19.0
        D:9 |    2559 |     163 |   6.0 |      22 |       8 |  26.7
    Ossuary |       0 |     260 | 100.0 |       0 |      27 | 100.0
            +---------+---------+-------+---------+---------+-------
